 Dungeon Crawl Stone Soup version 0.31-a0-532-g28f74ba3e5 (webtiles) character file.

Game seed: 8675166132544584875

658 Shayle the Ruffian (level 7, -2/62 HPs)
             Began as an Ogre Shapeshifter on Aug 13, 2023.
             Was an Initiate of Ashenzari.
             Slain by a killer bee (5 damage)
             ... on level 5 of the Dungeon.
             The game lasted 00:10:08 (4469 turns).

Shayle the Ruffian (Ogre Shapeshifter)              Turns: 4469, Time: 00:10:09

Health: -2/62      AC:  7    Str: 20    XL:     7   Next: 55%
Magic:  14/14      EV:  9    Int: 11    God:    Ashenzari [......]
Gold:   349        SH:  0    Dex:  9    Spells: 13/16 levels left

rFire   . .          .
                       - Unarmed
rCold   . . .        (no shield)
rNeg    . . .        a - +0 animal skin
rPois   .            (helmet currently unavailable)
rElec   .            (cloak currently unavailable)
rCorr   .            (gloves unavailable)
SInv    .            (boots unavailable)
Will    .....        (no amulet)
Stlth   +            k - +4 ring of protection
HPRegen 0.30/turn    (no ring)
MPRegen 0.14/turn

%: no passive effects
@: lethally poisoned (-2 -> -15), about to teleport, beast-form
A: beast (slay +2), large, unfitting armour, tough skin 1
a: Begin Untransformation, Renounce Religion


You were on level 5 of the Dungeon.
You worshipped Ashenzari.
Ashenzari was noncommittal.
You were a hulking beast.
You visited 2 branches of the dungeon, and saw 6 of its levels.

You collected 349 gold pieces.

Inventory:

Hand Weapons
 l - a +4 dagger
Armour
 a - a +0 animal skin (worn)
 m - a +1 cloak
Jewellery
 k - a +4 ring of protection (left hand)
Talismans
 c - a beast talisman (active)
 d - a flux talisman
Wands
 b - a wand of flame (30)
 o - a wand of charming (13)
Scrolls
 g - a scroll of fear {unknown}
 i - 6 scrolls of identify {unknown}
 p - a scroll of immolation {unknown}
Potions
 e - a potion of curing
 f - a potion of berserk rage {unknown}
 j - a potion of enlightenment {unknown}
 n - a potion of mutation {unknown}


   Skills:
 - Level 1.3 Fighting
 - Level 1.7 Dodging
 + Level 5.2 Unarmed Combat
 + Level 5.1 Spellcasting
 + Level 3.3 Ice Magic
 - Level 3.0 Shapeshifting


You had 13 spell levels left.
You knew the following spells:

 Your Spells              Type           Power      Damage    Failure   Level
a - Ozocubu's Armour      Ice            10%        N/A       16%         3

Your spell library contained the following spells:

 Spells                   Type           Power      Damage    Failure   Level
 Ozocubu's Refrigeration  Ice            5%         4d8       100%        7


Dungeon Overview and Level Annotations

Branches:
Dungeon (5/15)             Temple (1/1) D:4

Altars:
Ashenzari
Cheibriados
Elyvilon
Fedhas
Gozag
Hepliaklqana
Makhleb
Okawaru
Qazlal
Ru
Sif Muna
Trog
Vehumet
Wu Jian
Xom
Zin
The Shining One

Shops:
D:3 [

Annotations:
D:3 1 runed translucent door, exclusion: statue, Crazy Yiuf


Innate Abilities, Weirdness & Mutations

You are a hulking beast.
Your limbs bulge with bestial killing power. (Slay +2)
You are too large for most types of armour.
You have tough skin. (AC +1)


Message History

The killer bee stings you but does no damage.
The killer bee closely misses you.
You closely miss the killer bee.
The killer bee is heavily wounded.
You feel sick. The killer bee closely misses you. The killer bee stings you.
You miss the killer bee.
The killer bee is heavily wounded.
You feel sick. The killer bee stings you.
You are more poisoned.
The killer bee poisons you!
The killer bee stings you but does no damage.
The killer bee buzzes angrily. x2
You hit the killer bee.
The killer bee is severely wounded.
You feel sick. The killer bee barely misses you. The killer bee stings you.
* * * LOW HITPOINT WARNING * * *
You closely miss the killer bee.
The killer bee is severely wounded.
You feel sick. The killer bee barely misses you. x2
Unknown command.
Unknown command.
Okay, then.
Okay, then.
As you read the scroll of teleportation, it crumbles to dust.
You feel strangely unstable.
You feel sick. The killer bee barely misses you. The killer bee stings you.
* * * LOW HITPOINT WARNING * * *
The killer bee closely misses you. The killer bee stings you.
* * * LOW HITPOINT WARNING * * *
It was a potion of curing.
You feel better. The killer bee stings you.
* * * LOW HITPOINT WARNING * * *
The killer bee stings you but does no damage.
The killer bee stings you.
* * * LOW HITPOINT WARNING * * *
You are poisoned.
The killer bee poisons you! The killer bee stings you.
* * * LOW HITPOINT WARNING * * *
You are more poisoned.
The killer bee poisons you! The killer bee stings you.
You die...

######### ###.#..#..##
#..........# #####
##..#......## ### #...#
##.###.##....####.###....
#.....####....##.........
##......##........#..#....
#.......#yy.##............
##.......hy###.##.........
####.....###......##.....
##[...............#.....
#####...........#.......##..
#...###+#.......#.......###.
##....##_#...............#...
###......#'#...[.#.............
#...##.........)#..............
#......#.............###.......


You could see 3 killer bees.

Vanquished Creatures
  A black bear (D:4)
  An ogre (D:5)
  3 scorpions
  2 jellies (D:5)
  Ijyb (D:3)
  Natasha (D:3)
  8 adders
  A shadow imp (D:5)
  A white imp (D:5)
  An ufetubus (D:5)
  3 worms
  4 dart slugs
  3 orcs (D:3)
  9 endoplasms
  3 giant cockroaches
  8 goblins
  3 hobgoblins
  4 jackals (D:1)
  4 quokkas
  4 ball pythons
  6 bats
  8 frilled lizards
  9 kobolds
  7 rats
95 creatures vanquished.

Notes
Turn   | Place    | Note
-------+----------+-------------------------------------------
     0 | D:1      | Shayle the Ogre Shapeshifter began the quest for the Orb.
     0 | D:1      | Reached XP level 1. HP: 19/19 MP: 1/1
    77 | D:1      | Reached skill level 1 in Spellcasting
    86 | D:1      | Reached XP level 2. HP: 16/27 MP: 3/3
   518 | D:1      | Reached XP level 3. HP: 30/33 MP: 5/5
  1042 | D:2      | Found an ornate altar of the Wu Jian Council.
  1123 | D:2      | Reached XP level 4. HP: 30/41 MP: 7/7
  1583 | D:2      | Learned a level 3 spell: Ozocubu's Armour
  1647 | D:3      | Identified the +1 ring mail of the Onion {rPois rN+ Regen+}
  1753 | D:3      | Found a radiant altar of Vehumet.
  1860 | D:3      | Noticed Ijyb
  1877 | D:3      | Killed Ijyb
  1980 | D:3      | Reached skill level 1 in Ice Magic
  1980 | D:3      | Reached XP level 5. HP: 48/48 MP: 9/9
  2229 | D:3      | Noticed Natasha
  2244 | D:3      | Killed Natasha
  2368 | D:3      | Found Ogruazu's Antique Armour Shoppe.
  2548 | D:3      | Found a runed translucent door.
  2549 | D:3      | Noticed Crazy Yiuf
  2609 | D:3      | Noticed a charred statue
  2730 | D:4      | Found a staircase to the Ecumenical Temple.
  2735 | D:4      | Noticed a black bear
  2741 | D:4      | Killed a black bear
  2742 | D:4      | Reached XP level 6. HP: 52/55 MP: 11/11
  2746 | Temple   | Entered the Ecumenical Temple
  3277 | D:4      | Found a stormy altar of Qazlal.
  3277 | D:4      | Found a broken altar of Ashenzari.
  3379 | D:4      | Became a worshipper of Ashenzari the Shackled
  3407 | D:5      | Entered Level 5 of the Dungeon
  3572 | D:5      | Found an opulent altar of Gozag.
  3612 | D:5      | Reached XP level 7. HP: 27/62 MP: 13/13
  3884 | D:5      | Reached skill level 5 in Unarmed Combat
  4274 | D:5      | Reached skill level 5 in Spellcasting
  4469 | D:5      | HP: 3/62 [killer bee (5)]
  4469 | D:5      | Slain by a killer bee

Illustrated notes

Levels and vault maps discovered:
D:1:      dpeg_arrival_oval, layout_loops_ring, minmay_misc_feat_nine_boxes,
          minmay_tetromino_t4
D:2:      layout_loops_ring, basic_altar
D:3:      layout_loops_cross, vehumet_statue, serial_shops, shop, uniq_ijyb,
          uniq_crazy_yiuf_cottage, uniq_natasha
D:4:      layout_basic, gammafunk_temple_overflow_wave,
          minmay_temple_entry_crystal_x, serial_park_tiny_pond
D:5:      layout_cave_pools, kennysheep_mini
Temple:   nicolae_temple_ecumenical_triangle

Skill      XL: |  1  2  3  4  5  6  7 |
---------------+----------------------+-----
Spellcasting   | 1 2 3 4 5 |  5.1
Unarmed Combat | 3 4 5 |  5.2
Ice Magic      | 1 2 3 |  3.3
Fighting       | |  1.3
Dodging        | |  1.7
Shapeshifting  | |  3.0

Action                     |  1- 3 |  4- 6 |  7- 9 || total
---------------------------+-------+-------+-------++-------
  Melee: Unarmed           |   101 |   194 |    51 ||   346
         Punch             |       |     8 |     1 ||     9
  Evoke: Wand              |       |     2 |       ||     2
    Use: Scroll            |     3 |       |     2 ||     5
         Potion            |       |     1 |     3 ||     4
   Stab: Sleeping          |       |     1 |       ||     1
 Armour: Animal skin       |    30 |    85 |    27 ||   142
         Skin              |       |    27 |       ||    27
  Dodge: Dodged            |    30 |    90 |    32 ||   152

Table legend: (Time is in decaauts)
 A = Elapsed time spent in this place.
 B = Non-inter-level travel time spent in this place.
 C = Inter-level travel time spent in this place.
 D = Time resting spent in this place.
 E = Time spent auto-exploring this place.
 F = Levels seen in this place.
 G = Mean time per level.
                   A        B        C        D        E       F      G
               +--------+--------+--------+--------+--------+-----+--------+
         Total |   4446 |   4301 |    145 |    759 |   2616 |   6 |  741.0 |
       Dungeon |   4418 |   4273 |    145 |    759 |   2616 |   5 |  883.6 |
        Temple |     27 |     27 |      0 |      0 |      0 |   1 |   27.0 |
               +--------+--------+--------+--------+--------+-----+--------+

Top non-repeatable levels by time:
     D:3: 1110 daAuts
     D:4: 969 daAuts
     D:1: 882 daAuts
     D:5: 741 daAuts
     D:2: 714 daAuts
  Temple: 27 daAuts
